 Dungeon Crawl Stone Soup version 0.21-a0-39-g28ea6b7 (webtiles) character file.

133 KristoblXynda the Charmwright (level 4, -2/36 HPs)
             Began as a Draconian Skald on May 31, 2017.
             Killed by divine providence
             ... invoked by an orc priest
              (8 damage)
             ... on level 3 of the Dungeon.
             The game lasted 00:05:26 (2738 turns).

KristoblXynda the Charmwright (Draconian Skald)     Turns: 2738, Time: 00:05:27

Health: -2/36      AC:  7    Str: 19    XL:     4   Next: 94%
Magic:  7/7        EV: 12    Int: 14    God:
Gold:   164        SH:  0    Dex: 10    Spells: 4/7 levels left

rFire    . . .     SeeInvis .   a - +0 falchion
rCold    . . .     Gourm    .   (no shield)
rNeg     . . .     Faith    .   (armour unavailable)
rPois    .         Spirit   .   (helmet restricted)
rElec    .         Reflect  .   (no cloak)
rCorr    .         Harm     .   k - +1 pair of gloves
MR       .....                  (no boots)
Stlth    +.........             (no amulet)
Regen    0.2/turn               (no ring)
MPRegen  0.1/turn               (no ring)

@: mighty
A: unfitting armour, cold-blooded, AC +5
a: no special abilities


You were on level 3 of the Dungeon.
You were hungry.

You visited 1 branch of the dungeon, and saw 3 of its levels.

You collected 164 gold pieces.

Inventory:

Hand Weapons
 a - a +0 falchion (weapon)
Missiles
 j - 2 throwing nets (quivered)
Armour
 k - a +1 pair of gloves (worn)
Wands
 p - a wand of confusion (48/48)
Scrolls
 f - a scroll of identify
Potions
 g - a potion of haste
 r - a potion of invisibility
Books
 b - a book of Battle

   Spells                             Type                      Level
   a - Infusion                       Charms                       1
   b - Shroud of Golubria             Charms/Translocation         2
   c - Song of Slaying                Charms                       2
   d - Spectral Weapon                Hexes/Charms                 3
   e - Regeneration                   Charms/Necromancy            3
Comestibles
 c - a bread ration
 i - a royal jelly


   Skills:
 - Level 2.1 Fighting
 + Level 3.5 Long Blades
 + Level 3.0 Dodging
 - Level 2.0 Spellcasting
 + Level 3.8 Charms


You had 4 spell levels left.
You knew the following spells:

 Your Spells              Type           Power        Failure   Level  Hunger
b - Regeneration          Chrm/Necr      #.........   32%         3    ####...


Dungeon Overview and Level Annotations

Branches:
Dungeon (3/15)

Altars:
Sif Muna

Annotations:
D:3 blackwizard's ghost, weakling TrCj


Innate Abilities, Weirdness & Mutations

Your plain brown scales are hard. (AC +5)
You cannot fit into any form of body armour.
You are cold-blooded and may be slowed by cold attacks.


Message History

The orc wizard gestures wildly while chanting.
The orc wizard blinks!
The orc wizard mumbles some strange words.
The orc wizard blinks!
As you read the scroll of fear, it crumbles to dust.
You assume a fearsome visage.
The orc priest looks frightened!
As you read the scroll labeled TOOBRA PAUR, it crumbles to dust.
It is a scroll of recharging.
Charge which item? (? for menu, Esc to quit)
Your wand of confusion (?/48) glows for a moment.
As you read the scroll labeled RESER HOSY, it crumbles to dust.
It is a scroll of enchant armour.
Your +0 pair of gloves glows green for a moment.
As you read the scroll labeled SALUNN DAFRE, it crumbles to dust.
The creatures around you are filled with an inner flame!
It was a scroll of immolation.
The orc priest barely misses you.
Unknown command.
The orc priest mumbles some strange prayers to Beogh against you.
Beogh smites you!
You die...

.......>.# ##..###.###
........## #......##
..##...†#####.......#
..##................#
..#..######.........# .....#
##.....#####
...#.#####.......#
.......o...#.....##
...##.##.###....@.# ...
#.#..#......#)#
..###........o.##.##
............o####.>##
.o.......##.## ##..###
.........##.# ##...# ##
...##..#o)#.# ###.# #...
.o..oo..#o#o# #.##...#
.o.o.##.#.#.#########....###


You could see an orc priest (inner flame) and an orc (inner flame).

Vanquished Creatures
  Natasha (D:3)
  Robin (D:3)
  An adder (D:2)
  An ooze (D:1)
  4 worms
  A dart slug (D:1)
  2 orcs (D:3)
  A giant cockroach (D:2)
  10 hobgoblins
  6 jackals
  9 kobolds
  A quokka (D:3)
  A ball python (D:1)
  4 bats
  2 frilled lizards
  14 goblins
  7 rats (D:2)
66 creatures vanquished.

Notes
Turn   | Place    | Note
-------+----------+-------------------------------------------
     0 | D:1      | KristoblXynda the Draconian Skald began the quest for the Orb.
     0 | D:1      | Reached XP level 1. HP: 17/17 MP: 3/3
   179 | D:1      | Reached XP level 2. HP: 24/24 MP: 5/5
  1073 | D:2      | Reached XP level 3. HP: 24/29 MP: 6/6
  1166 | D:2      | HP: 1/29 [worm (9)]
  1474 | D:1      | Learned a level 3 spell: Regeneration
  2012 | D:3      | Found a deep blue altar of Sif Muna.
  2022 | D:3      | Noticed Robin
  2024 | D:3      | Noticed blackwizard's ghost (weakling TrCj)
  2026 | D:3      | Reached XP level 4. HP: 36/36 MP: 7/7
  2417 | D:3      | Killed Robin
  2603 | D:3      | Noticed Natasha
  2610 | D:3      | Killed Natasha
  2738 | D:3      | Killed from afar by an orc priest

Vault maps used:
D:1:      dpeg_arrival_more_subterranean_lakeside_camping
D:2:      wad_river_or_something
D:3:      lemuel_blue_sif_altar, uniq_natasha, uniq_jessica, uniq_robin

Skill      XL: |  1  2  3  4 |
---------------+-------------+-----
Charms         | 3 |  3.8
Long Blades    | 3 |  3.5
Dodging        | 3 |  3.0
Fighting       | |  2.1
Spellcasting   | |  2.0

Action                   |  1- 3 |  4- 6 || total
-------------------------+-------+-------++-------
Melee: Falchion          |   145 |    93 ||   238
       Tailslap          |     7 |     7 ||    14
 Cast: Regeneration      |     1 |       ||     1
  Use: Scroll            |     7 |     5 ||    12
       Potion            |     2 |     2 ||     4
 Stab: Sleeping          |     4 |       ||     4
       Invisible         |     2 |       ||     2
  Eat: Chunk             |     4 |     2 ||     6
Armor: Skin              |    53 |    67 ||   120
Dodge: Dodged            |    96 |    44 ||   140
       Rpst.: Falchion   |    32 |    13 ||    45
